[Event "Team 45 45 League T43"]
[Site "Internet Chess Club"]
[Date "2009.11.16"]
[Round "3"]
[White "Rookmaster"]
[Black "clarinetref"]
[Result "1-0"]
[WhiteElo "1844"]
[BlackElo "1621"]
[Opening "Sicilian, Chekhover variation"]
[ECO "B53"]
[Time "20:11:11"]
[TimeControl "2700+45"]

1. e4 c5 2. Nf3 d6 3. d4 cxd4 4. Qxd4 Nc6 5. Bb5 Qc7 6. Nc3 Bd7 7. Bxc6 Bxc6 8.
O-O Nf6 9. Bg5 e5 10. Qd3 Be7 11. Rfe1 O-O 12. Rad1 h6 13. Bxf6 Bxf6 14. Qxd6
Qa5 15. Nd5 Bxd5 16. Qxd5 Qc7 17. Qb3 Rac8 18. c3 Rfe8 19. Rd5 Re6 20. Red1 Rd8
21. h3 Rb6 22. Qc2 Ra6 23. Qd2 Rxd5 24. Qxd5 Ra5 25. Qb3 Qc6 26. Re1 Ra4 27. Nd2
Bg5 28. Re2 Bxd2 29. Rxd2 Rxe4 30. Rd8+ Kh7 31. Qxf7 Re1+ 32. Kh2 Qf6 33. Qxf6
gxf6 34. Rd7+ Kg6 35. Rxb7 Re2 36. f3 a5 37. Kg1 Kg5 38. Kf1 Rc2 39. g3 h5 40.
h4+ Kg6 41. a4 Rc1+ 42. Ke2 Ra1 43. b3 Ra2+ 44. Kf1 Rc2 45. b4 Rxc3 46. bxa5
Rxf3+ 47. Kg2 Rc3 48. a6 Rc6 49. Ra7 e4 50. Ra8 Kf5 51. a7 Ra6 52. g4+ hxg4 53.
h5 Rxa4 54. h6 e3 55. h7 e2 56. Kf2 Re4 57. Ke1 g3 58. h8=Q g2 59. Qh3+ Rg4 60.
Qf3+ Rf4 61. Qh5+ Ke4 62. Qxe2+ {Black resigns} 1-0

[Event "Team 45 45 League T43"]
[Site "Internet Chess Club"]
[Date "2009.11.15"]
[Round "3"]
[White "PostMike"]
[Black "Timotheous"]
[Result "1/2-1/2"]
[WhiteElo "1606"]
[BlackElo "1591"]
[Opening "Sicilian: Nimzovich-Rossolimo attack (with ...g6, without ...d6)"]
[ECO "B31"]
[Time "14:30:24"]
[TimeControl "2700+45"]

1. e4 c5 2. Nf3 Nc6 3. Bb5 g6 4. O-O Bg7 5. Re1 a6 6. Bxc6 bxc6 7. d3 Qc7 8. Nc3
Nf6 9. Be3 d6 10. Qd2 Ng4 11. Bf4 e5 12. Bg5 h6 13. Bh4 Nf6 14. Na4 Bg4 15. Re3
g5 16. Nxg5 hxg5 17. Bxg5 Be6 18. Rf3 Ng4 19. h3 Nh6 20. c4 f6 21. Bxf6 Rf8 22.
Bxg7 Qxg7 23. Rg3 Qh7 24. Qg5 Bd7 25. Qg6+ Qxg6 26. Rxg6 Nf7 27. Nb6 Ra7 28. g4
Ke7 29. Nxd7 Rxd7 30. Kg2 Nh8 31. Rg7+ Rf7 32. Rxf7+ Kxf7 33. Rh1 Ng6 34. Kf3
Nf4 35. Ke3 Kg6 36. h4 d5 37. exd5 cxd5 38. h5+ Kg5 39. f3 Ng2+ 40. Kf2 Nf4 41.
Ke3 Ng2+ 42. Kf2 Nf4 43. Ke3 {Game drawn by repetition} 1/2-1/2

[Event "Team 45 45 League T43"]
[Site "Internet Chess Club"]
[Date "2009.11.12"]
[Round "3"]
[White "John3v16"]
[Black "tryanything"]
[Result "1/2-1/2"]
[WhiteElo "1627"]
[BlackElo "1595"]
[Opening "Two knights defense"]
[ECO "C56"]
[Time "03:59:38"]
[TimeControl "2700+45"]

1. e4 e5 2. Nf3 Nc6 3. d4 exd4 4. Bc4 Nf6 5. O-O Nxe4 6. Re1 d5 7. Bxd5 Qxd5 8.
Nc3 Qa5 9. Nxe4 Be6 10. Neg5 O-O-O 11. Nxe6 fxe6 12. Rxe6 h6 13. Bf4 Qf5 14.
Rxc6 bxc6 15. Be5 Rg8 16. Qe2 d3 17. cxd3 Qxd3 18. Qxd3 Rxd3 19. Bd4 Kb7 20. Rc1
Be7 21. Kf1 Rd8 22. Bxg7 Rd1+ 23. Rxd1 Rxd1+ 24. Ke2 Rd6 25. b3 Rg6 26. Bd4 Rxg2
27. Be3 Rg6 28. Ne5 Re6 29. f4 Bf6 30. Bd4 Bxe5 31. Bxe5 c5 32. Kd3 Kc6 33. Ke4
Rg6 34. Kf5 Rg2 35. Ke6 Rxh2 36. f5 Rxa2 37. f6 Rf2 38. f7 Rxf7 39. Kxf7 Kb5 40.
Bxc7 Kb4 41. Bd6 Kxb3 42. Bxc5 a5 43. Kg6 a4 44. Kxh6 a3 45. Bxa3 {Game drawn
because neither player has mating material} 1/2-1/2

[Event "Team 45 45 League T43"]
[Site "Internet Chess Club"]
[Date "2009.11.12"]
[Round "3"]
[White "Aquaman"]
[Black "dondel"]
[Result "1/2-1/2"]
[WhiteElo "1336"]
[BlackElo "1335"]
[Opening "Queen's pawn game"]
[ECO "D05"]
[Time "20:09:25"]
[TimeControl "2700+45"]

1. d4 Nf6 2. Nf3 d5 3. e3 e6 4. Bd3 Bb4+ 5. Nbd2 O-O 6. O-O Nc6 7. a3 Bd6 8. b3
Bd7 9. Bb2 a6 10. c4 g6 11. Re1 b6 12. cxd5 exd5 13. h3 Re8 14. b4 a5 15. b5 Ne7
16. a4 Be6 17. Ng5 Nf5 18. Nxe6 fxe6 19. e4 dxe4 20. Nxe4 Bb4 21. Nxf6+ Qxf6 22.
Re4 Nd6 23. Re5 Rf8 24. Qe2 Rae8 25. Rc1 Nf7 26. Re3 Bd6 27. Bc4 Ng5 28. Rf1 Re7
29. h4 Qf4 30. g3 Nf3+ 31. Kh1 Qf6 32. Bxe6+ Kh8 33. d5 Nd4 34. Rd1 Nxe2 35.
Bxf6+ Rxf6 36. Rxe2 Rf3 37. Ra2 Re8 38. Kg2 Ref8 39. Bg4 Rc3 40. Rdd2 h5 41. Be2
Bc5 42. Bd3 Rxf2+ 43. Rxf2 Bxf2 44. Rxf2 Rxd3 45. Rf8+ Kg7 46. Rc8 Rxd5 47.
Rxc7+ Kf6 48. Rc6+ Kf5 49. Rxb6 Rd4 50. Ra6 Rxa4 51. b6 Kg4 52. b7 Ra2+ 53. Kf1
Ra1+ 54. Ke2 Ra2+ 55. Kd3 Rb2 56. Rxg6+ Kf3 57. Ra6 Rxb7 58. Rxa5 Rd7+ 59. Kc4
Rc7+ 60. Kd3 Rd7+ 61. Kc4 {Game drawn by mutual agreement} 1/2-1/2

[Event "Team 45 45 League T43"]
[Site "Internet Chess Club"]
[Date "2009.11.13"]
[Round "3"]
[White "John3v16"]
[Black "rayspokemon"]
[Result "1-0"]
[WhiteElo "1633"]
[BlackElo "1381"]
[Opening "Ruy Lopez: Berlin defense, 4.O-O"]
[ECO "C65"]
[Time "20:00:17"]
[TimeControl "2700+45"]

1. e4 e5 2. Nf3 Nc6 3. Bb5 Nf6 4. O-O Bb4 5. c3 Bc5 6. d4 exd4 7. cxd4 Bb4 8.
Nc3 Bxc3 9. bxc3 O-O 10. e5 Ne4 11. Qc2 d5 12. h3 Bd7 13. Be3 Na5 14. Bd3 Bf5
15. Nh2 Nc4 16. Bf4 Na3 17. Qc1 Nc4 18. Re1 Qh4 19. Bg3 Bg6 20. Bxh4 Bf5 21. f3
Nxc3 22. Bxf5 Nb5 23. Bf2 g6 24. Bd3 Nba3 25. Ng4 h5 26. Nf6+ Kg7 27. Qg5 Nb2
28. Be3 Rh8 29. Bf1 Nc2 30. Rec1 Nxa1 31. Rxa1 Na4 32. g4 hxg4 33. fxg4 Rxh3 34.
Bxh3 Kf8 35. Nh7+ Kg7 36. Qh6+ Kg8 37. Bg5 Nc3 38. Bf6 Ne2+ 39. Kf2 Ng3 40. Qg7#
{Black checkmated} 1-0

[Event "Team 45 45 League T43"]
[Site "Internet Chess Club"]
[Date "2009.11.15"]
[Round "3"]
[White "cazj"]
[Black "chesskix"]
[Result "0-1"]
[WhiteElo "1272"]
[BlackElo "1407"]
[Opening "Sicilian: Alapin's variation (2.c3)"]
[ECO "B22"]
[Time "14:02:51"]
[TimeControl "2700+45"]

1. e4 c5 2. c3 e5 3. Nf3 d6 4. d4 cxd4 5. cxd4 Nc6 6. d5 Nce7 7. Bb5+ Bd7 8. Nc3
a6 9. Ba4 b5 10. Bb3 Nf6 11. Bg5 Qa5 12. Bxf6 gxf6 13. O-O Ng6 14. Rc1 Bh6 15.
Rc2 Nf4 16. Nh4 Rg8 17. Qf3 Bg4 18. Qg3 Ke7 19. Qe3 Ne2+ 20. Qxe2 Bxe2 21. Nf5+
Kd7 22. Nxe2 Bg5 23. Rc6 Qd2 24. Rxd6+ Kc7 25. Rc6+ Kb7 26. Nd6+ Ka7 27. Nc3
Rab8 28. a4 Be3 29. Nd1 Qe2 30. a5 Bd4 31. Rc7+ Ka8 32. Rc6 b4 33. Bc4 Rxg2+ 34.
Kxg2 Rg8+ 35. Kh1 Qf3# {White checkmated} 0-1

[Event "Team 45 45 League T43"]
[Site "Internet Chess Club"]
[Date "2009.11.15"]
[Round "3"]
[White "Skyler"]
[Black "taichichen"]
[Result "1-0"]
[WhiteElo "1383"]
[BlackElo "1207"]
[Opening "Two knights defense"]
[ECO "C56"]
[Time "19:29:07"]
[TimeControl "2700+45"]

1. e4 e5 2. Nf3 Nc6 3. Bc4 Nf6 4. d4 exd4 5. O-O Nxe4 6. Re1 d5 7. Bxd5 Qxd5 8.
Nc3 Qa5 9. Nxe4 Be7 10. Bg5 O-O 11. Bxe7 Nxe7 12. Nxd4 Rd8 13. Nb3 Rxd1 14.
Rexd1 Qd5 15. Rxd5 Nxd5 16. Rd1 Be6 17. Nbc5 b6 18. Nxe6 fxe6 19. Ng5 Re8 20. g3
h6 21. Nxe6 Rxe6 22. Rxd5 Re2 23. Rd8+ Kh7 24. Ra8 Rxc2 25. Rxa7 Rxb2 26. Rxc7
Rxa2 27. Rb7 Rb2 28. Kg2 Kg6 29. h4 Kf6 30. Kf3 b5 31. Ke3 b4 32. f3 Rb3+ 33.
Ke4 Rb2 34. g4 Rb1 35. Rb6+ Kf7 36. Kf5 b3 37. Rb7+ Kg8 38. Kg6 Kf8 39. Rb8+ Ke7
40. Kxg7 Kd7 41. Kxh6 Kc7 42. Rb4 {Black resigns} 1-0

[Event "Team 45 45 League T43"]
[Site "Internet Chess Club"]
[Date "2009.11.13"]
[Round "3"]
[White "mmf00"]
[Black "Skylab"]
[Result "1-0"]
[WhiteElo "1434"]
[BlackElo "1322"]
[Opening "Scandinavian (center counter) defense"]
[ECO "B01"]
[Time "16:03:01"]
[TimeControl "2700+45"]

1. e4 d5 2. exd5 Qxd5 3. Nc3 Qa5 4. d4 Nf6 5. Nf3 Bg4 6. Be2 c6 7. O-O e6 8. h3
Bf5 9. Bf4 Be7 10. Re1 O-O 11. Bd3 Bxd3 12. Qxd3 Bb4 13. Bd2 Rd8 14. a3 Bxc3 15.
Bxc3 Qc7 16. Qe2 Nbd7 17. Rad1 Nd5 18. Qd3 Nxc3 19. Qxc3 Nf6 20. Qd3 Re8 21. c3
Rad8 22. Qc2 Rc8 23. Rd2 c5 24. dxc5 Qxc5 25. Red1 Qe7 26. Qd3 h6 27. Qc2 Rcd8
28. Rd4 Rxd4 29. Rxd4 Rd8 30. Qd3 Rxd4 31. Qxd4 b6 32. Qd3 Qc7 33. Kf1 Qd7 34.
Qxd7 Nxd7 35. Ke2 Kf8 36. Kd3 Nc5+ 37. Kc4 a6 38. Nd4 e5 39. Nb3 Nxb3 40. Kxb3
Ke7 41. Kc4 Kd7 42. Kd5 f6 43. b4 b5 44. f3 g5 45. g4 e4 46. fxe4 Ke7 47. Kc6
Ke6 48. Kb6 Ke5 49. Kxa6 Kxe4 50. Kxb5 f5 51. gxf5 Kxf5 52. a4 h5 53. a5 g4 54.
hxg4+ hxg4 55. a6 g3 56. a7 g2 57. a8=Q g1=Q 58. Qf8+ Ke5 59. Qc5+ Qxc5+ 60.
Kxc5 {Black resigns} 1-0

[Event "Team 45 45 League T43"]
[Site "Internet Chess Club"]
[Date "2009.11.13"]
[Round "3"]
[White "mongmong"]
[Black "CheeryCherry"]
[Result "0-1"]
[WhiteElo "1521"]
[BlackElo "1545"]
[Opening "Colle system"]
[ECO "D05"]
[Time "18:00:52"]
[TimeControl "2700+45"]

1. d4 d5 2. Nf3 e6 3. e3 Nf6 4. Bd3 c5 5. c3 Nc6 6. Nbd2 Rb8 7. O-O b5 8. Qe2 c4
9. Bc2 b4 10. e4 Be7 11. exd5 exd5 12. Ne5 Bd7 13. Nxc6 Bxc6 14. Re1 Rb7 15. Nf3
O-O 16. Bg5 bxc3 17. bxc3 Qa5 18. Ne5 Bb5 19. a4 Be8 20. Qd2 Rb2 21. Bxh7+ Nxh7
22. Qxb2 Bxg5 23. Nf3 Bf4 24. g3 Bd6 25. Qd2 Bd7 26. Ne5 Bh3 27. Reb1 f6 28. Rb5
Qc7 29. Ng6 Rd8 30. Rxd5 Qc6 31. Ne7+ Bxe7 32. Rxd8+ Bxd8 33. d5 Qc5 34. Rb1 Bb6
35. Rb5 Qa3 36. Qe1 Ng5 37. Qe8+ Kh7 38. Qh5+ Kg8 39. Qe8+ Qf8 40. Qxf8+ Kxf8
41. Rb4 Ne4 42. Rxc4 Nxf2 43. Rc8+ Bxc8 {White resigns} 0-1

[Event "Team 45 45 League T43"]
[Site "Internet Chess Club"]
[Date "2009.11.17"]
[Round "3"]
[White "radiohead"]
[Black "oldprez"]
[Result "0-1"]
[WhiteElo "1379"]
[BlackElo "1397"]
[Opening "King's Indian: Makagonov system (5.h3)"]
[ECO "E71"]
[Time "20:00:33"]
[TimeControl "2700+45"]

1. d4 Nf6 2. c4 g6 3. Nc3 Bg7 4. e4 d6 5. h3 O-O 6. Nf3 Nbd7 7. Be2 c5 8. d5 Rb8
9. Be3 a6 10. O-O Nb6 11. Rc1 Bd7 12. b3 Qc8 13. Qd2 Re8 14. Ng5 h6 15. Nf3 Bxh3
16. gxh3 Qxh3 17. Nh2 h5 18. Bh6 Ng4 19. Nxg4 hxg4 20. Bxg7 Kxg7 21. Qe3 Rh8 22.
Qxh3 Rxh3 23. Bxg4 Rh4 24. f3 Kf6 25. Kf2 e6 26. Rh1 Rbh8 27. Rxh4 Rxh4 28. Kg3
g5 29. Nd1 Rh1 30. Kg2 Re1 31. Kf2 Rh1 32. a3 Kg6 33. Ke2 f5 34. dxe6 fxg4 35.
fxg4 Kf6 36. Kd2 Kxe6 37. Ne3 Rxc1 38. Kxc1 Ke5 39. Nf5 Nd7 40. Kd2 Nf6 41. Ke3
Nxg4+ 42. Kf3 Nf6 43. Ng3 b5 44. Ke3 g4 45. cxb5 axb5 46. a4 bxa4 47. bxa4 Nd7
48. a5 Nb8 49. Nf5 Na6 50. Kf2 c4 51. Ke2 d5 52. Ne3 Kxe4 53. Nxg4 Kd4 54. Kd2
c3+ 55. Kc2 Nb4+ 56. Kc1 Kc5 57. Ne3 d4 58. Nf5 d3 59. Ne3 Kb5 60. Nd1 Na2+ 61.
Kb1 c2+ {White resigns} 0-1

[Event "Team 45 45 League T43"]
[Site "Internet Chess Club"]
[Date "2009.11.15"]
[Round "3"]
[White "TomBolini"]
[Black "MikeA"]
[Result "0-1"]
[WhiteElo "1317"]
[BlackElo "1433"]
[Opening "Sicilian: Alapin's variation (2.c3)"]
[ECO "B22"]
[Time "19:00:11"]
[TimeControl "2700+45"]

1. e4 c5 2. c3 d5 3. e5 Nc6 4. d4 cxd4 5. cxd4 Bf5 6. Nf3 e6 7. Ng5 f6 8. exf6
Nxf6 9. Qe2 Nxd4 10. Qe5 Nc2+ 11. Kd1 Nxa1 12. Nxe6 Bxe6 13. Qxe6+ Qe7 14. Bb5+
Kd8 15. Re1 Qxe6 16. Rxe6 a6 17. Ba4 b5 18. Bc2 Nxc2 19. Kxc2 Rc8+ 20. Kd1 Ne4
21. Nc3 Nxc3+ 22. bxc3 Rxc3 23. Bg5+ Kd7 24. Rxa6 Bc5 25. Kd2 Ra3 26. Rxa3 Bxa3
27. Be3 Re8 28. Bd4 g6 29. Kc2 Kc6 30. Kb3 Bc5 31. Kc3 Bxd4+ 32. Kxd4 Re2 33. f4
Rxg2 34. h3 Rxa2 {White resigns} 0-1

[Event "Team 45 45 League T43"]
[Site "Internet Chess Club"]
[Date "2009.11.16"]
[Round "3"]
[White "lawth3"]
[Black "farbror"]
[Result "0-1"]
[WhiteElo "1106"]
[BlackElo "1208"]
[Opening "French: Rubinstein variation"]
[ECO "C10"]
[Time "15:30:31"]
[TimeControl "2700+45"]

1. e4 e6 2. d4 d5 3. Nc3 dxe4 4. Nxe4 Nf6 5. Bg5 Be7 6. Nxf6+ Bxf6 7. Be3 b6 8.
Qd2 O-O 9. O-O-O Bb7 10. f3 a5 11. Bd3 Na6 12. h4 Nb4 13. Kb1 Nxd3 14. Qxd3 a4
15. Bg5 Bxg5 16. hxg5 g6 17. a3 Qxg5 18. Nh3 Qf5 19. Qe2 b5 20. Qe5 Qxe5 21.
dxe5 Rad8 22. Rde1 Rd2 23. Reg1 Rfd8 24. Ng5 h5 25. Ne4 Bxe4 26. fxe4 Re2 27.
Rh4 Rdd2 28. Rc1 Rxg2 29. Rh3 Rd4 30. Rc3 Rc4 31. Rd3 h4 32. c3 g5 33. Rd4 h3
34. Rd3 h2 35. Rh1 Rg1+ 36. Ka2 Rxh1 37. b3 Rxe4 38. c4 Re2+ {White resigns} 0-1

[Event "Team 45 45 League T43"]
[Site "Internet Chess Club"]
[Date "2009.11.12"]
[Round "3"]
[White "cityprosecutor"]
[Black "MiamiMan"]
[Result "0-1"]
[WhiteElo "1698"]
[BlackElo "1766"]
[Opening "Sicilian defense"]
[ECO "B20"]
[Time "18:00:55"]
[TimeControl "2700+45"]

1. e4 c5 2. d3 Nc6 3. g3 Nf6 4. Nf3 d5 5. e5 Nd7 6. Bf4 e6 7. Bg2 h6 8. h4 Qb6
9. b3 Be7 10. Nbd2 Nf8 11. h5 Nh7 12. Nf1 Ng5 13. Qd2 Nxf3+ 14. Bxf3 Nd4 15. Bd1
Bd7 16. c3 Nc6 17. Nh2 d4 18. c4 Qc7 19. Nf3 a5 20. a4 Nb4 21. g4 Bc6 22. Rh3 b6
23. Nh4 Bg5 24. Rb1 Be7 25. Bf3 Bxh4 26. Bxc6+ Qxc6 27. Rxh4 Qf3 28. Kf1 Nxd3
29. Bg3 Nb4 30. g5 Qf5 31. Rd1 hxg5 32. Rh2 Qf3 33. Qe2 Qxe2+ 34. Kxe2 Ke7 35.
f4 gxf4 36. Bxf4 Rh7 37. Bg5+ f6 38. exf6+ gxf6 39. Bd2 Rah8 40. Bxb4 axb4 41.
Rdh1 f5 42. Kf3 Kf6 43. Ra2 Rxh5 44. Rxh5 Rxh5 45. a5 bxa5 46. Rxa5 Rh3+ 47. Ke2
Rxb3 48. Rxc5 Rc3 49. Kd2 b3 {White resigns} 0-1

[Event "Team 45 45 League T43"]
[Site "Internet Chess Club"]
[Date "2009.11.12"]
[Round "3"]
[White "MOchess-boy"]
[Black "chess9793"]
[Result "1/2-1/2"]
[WhiteElo "1837"]
[BlackElo "1846"]
[Opening "Nimzo-Indian: 4.e3, Bronstein (Byrne) variation"]
[ECO "E45"]
[Time "19:01:18"]
[TimeControl "2700+45"]

1. d4 Nf6 2. c4 e6 3. Nc3 Bb4 4. e3 b6 5. Ne2 Ba6 6. a3 Bxc3+ 7. Nxc3 d5 8. Qb3
O-O 9. Be2 Nc6 10. cxd5 Na5 11. Qd1 Bxe2 12. Qxe2 Nxd5 13. Bd2 Nb3 14. Rb1 a5
15. Qd1 Nxd2 16. Qxd2 Qg5 17. O-O Rad8 18. Nxd5 Rxd5 19. b4 axb4 20. Qxb4 e5 21.
dxe5 Qxe5 22. Rfc1 Ra8 23. Rb3 g6 24. g3 Rda5 25. Rbc3 R5a7 26. f4 Qe6 27. Kf2
c5 28. Qb2 Ra6 29. Rd1 Qe7 30. Rcd3 c4 31. Rd7 Qe8 32. Qd4 Rxa3 33. Qxb6 Rb3 34.
Qd4 c3 35. Rd8 Rxd8 36. Qxd8 Qxd8 37. Rxd8+ Kg7 38. Rc8 Rb2+ 39. Kf3 Rxh2 40.
Rxc3 h5 41. Rc6 h4 42. gxh4 Rxh4 43. Ra6 Rh1 44. Ke4 Re1 45. Rb6 f6 46. Rb7+ Kh6
47. Kf3 g5 48. Rf7 Kg6 49. Rf8 gxf4 50. Kxf4 Rf1+ 51. Ke4 Ra1 52. Rd8 Ra5 53.
Rd1 Re5+ 54. Kd4 Kf5 55. Rf1+ Ke6 56. Ra1 Rd5+ 57. Ke4 Re5+ 58. Kf3 Rf5+ 59. Ke2
Re5 60. Ra4 Kf5 61. Kf3 Kg5 62. Rg4+ Kf5 63. e4+ Ke6 64. Rg6 Rg5 65. Rxg5 fxg5
{Game drawn by mutual agreement} 1/2-1/2

[Event "Team 45 45 League T43"]
[Site "Internet Chess Club"]
[Date "2009.11.14"]
[Round "3"]
[White "ChessicalZ"]
[Black "Ickabod"]
[Result "1-0"]
[WhiteElo "1749"]
[BlackElo "1776"]
[Opening "English, 1...Nf6 (Anglo-Indian defense)"]
[ECO "A15"]
[Time "12:00:21"]
[TimeControl "2700+45"]

1. c4 Nf6 2. g3 g6 3. Bg2 d6 4. Nc3 Bh6 5. d3 Bxc1 6. Rxc1 O-O 7. Qd2 Kg7 8. e4
Nbd7 9. Nge2 c6 10. O-O a6 11. a4 Rb8 12. Kh1 Qa5 13. d4 Nb6 14. b3 Nbd7 15. f4
e5 16. f5 exd4 17. Nxd4 c5 18. Nde2 Ne5 19. Qxd6 Ned7 20. e5 Ne8 21. f6+ Kh8 22.
Qd2 Nxe5 23. Qh6 Kg8 24. Nd5 Nc6 25. Ne7+ Nxe7 26. fxe7 Ng7 27. exf8=Q+ Kxf8 28.
Bd5 Bf5 29. Qxh7 Re8 30. Qh8+ Ke7 31. Qxg7 Kd7 32. Qxf7+ Re7 33. Qf6 Rxe2 34.
Rcd1 Kc7 35. Qf7+ Kb8 36. Qxb7# {Black checkmated} 1-0

[Event "Team 45 45 League T43"]
[Site "Internet Chess Club"]
[Date "2009.11.13"]
[Round "3"]
[White "froggoathorse"]
[Black "Salvatore"]
[Result "0-1"]
[WhiteElo "1584"]
[BlackElo "1651"]
[Opening "Sicilian: Pelikan (Lasker/Sveshnikov) variation"]
[ECO "B33"]
[Time "19:11:20"]
[TimeControl "2700+45"]

1. e4 c5 2. Nf3 Nc6 3. d4 cxd4 4. Nxd4 Nf6 5. Nc3 e5 6. Nf5 d5 7. exd5 Bxf5 8.
dxc6 bxc6 9. Bd2 Be7 10. Bc4 O-O 11. O-O Rb8 12. Bb3 Nd5 13. Qf3 Be6 14. Rad1
Qd7 15. Ne4 Bg4 16. Qg3 Bxd1 17. Rxd1 Qf5 18. Nc3 Rfd8 19. Nxd5 cxd5 20. Ba5 Rd7
21. Ba4 Rdb7 22. Rxd5 Rxb2 23. Rxe5 Rb1+ 24. Be1 Qf6 25. Qe3 Bf8 26. Bb3 h6 27.
Qe4 Rd8 28. c4 Rc1 29. g3 Bb4 30. Re8+ Rxe8 31. Qxe8+ Kh7 32. Qe4+ g6 33. Kg2
Rxe1 34. Qb7 Qe7 35. Qf3 Qe4 36. Qxe4 Rxe4 37. Kf3 Re1 38. c5 f6 39. c6 Bd6 40.
h4 Kg7 41. Kg4 Kf8 42. f4 Re7 43. h5 Rg7 44. hxg6 Rxg6+ 45. Kf3 Ke7 46. g4 Kd8
47. Be6 Kc7 48. Bd7 Rg8 49. Ke4 Rb8 50. f5 Rb4+ 51. Kf3 Ra4 52. Be6 Ra3+ 53. Ke4
Kxc6 54. Bf7 Be5 55. Bb3 Kc5 56. Bc4 Rg3 57. Be2 a5 58. a4 Ra3 59. Bb5 Kb4 60.
Kd5 Rxa4 61. Bxa4 Kxa4 62. Ke6 Kb3 63. Kf7 a4 64. Kg6 a3 65. Kxh6 a2 66. g5 fxg5
67. Kxg5 a1=Q 68. Kg6 Qa6+ 69. Kg5 Qf6+ 70. Kg4 Kc4 71. Kh5 Qxf5+ 72. Kh6 Bf4+
73. Kg7 Be5+ 74. Kh6 Qf6+ 75. Kh5 Kd3 76. Kg4 Qf4+ 77. Kh5 Ke4 78. Kg6 Qf6+ 79.
Kh5 Qg7 80. Kh4 Kf3 81. Kh5 Kf4 82. Kh4 Qg4# {White checkmated} 0-1

[Event "Team 45 45 League T43"]
[Site "Internet Chess Club"]
[Date "2009.11.15"]
[Round "3"]
[White "tsia68"]
[Black "Ianjo"]
[Result "0-1"]
[WhiteElo "1885"]
[BlackElo "1927"]
[Opening "English opening"]
[ECO "A20"]
[Time "13:01:02"]
[TimeControl "2700+45"]

1. c4 e5 2. g3 f5 3. Nc3 Nf6 4. Bg2 c6 5. d4 e4 6. e3 d5 7. cxd5 Nxd5 8. Nxd5
Qxd5 9. Ne2 Na6 10. a3 Be6 11. Nf4 Qd7 12. b4 Nc7 13. Rb1 Bf7 14. h4 Be7 15. Qc2
O-O 16. O-O Bd6 17. Ne2 Qe7 18. Bd2 Bh5 19. Nc3 Bf7 20. Rfc1 a6 21. Bf1 g5 22.
hxg5 Qxg5 23. Be2 Kh8 24. Kg2 Rg8 25. d5 Bxg3 26. Nxe4 fxe4 {White resigns} 0-1

[Event "Team 45 45 League T43"]
[Site "Internet Chess Club"]
[Date "2009.11.16"]
[Round "3"]
[White "jpoblano"]
[Black "VietLion"]
[Result "0-1"]
[WhiteElo "1734"]
[BlackElo "1935"]
[Opening "Bird's opening"]
[ECO "A02"]
[Time "16:01:46"]
[TimeControl "2700+45"]

1. f4 c5 2. Nf3 Nc6 3. b3 d5 4. Bb2 Bf5 5. e3 e6 6. Bb5 Qb6 7. Bxc6+ Qxc6 8. Ne5
Qc7 9. d3 f6 10. Nf3 O-O-O 11. Nbd2 Nh6 12. O-O Be7 13. h3 Bg6 14. Qe1 Be8 15.
c4 Kb8 16. a4 dxc4 17. dxc4 Bc6 18. Qe2 Nf5 19. Rfd1 h5 20. Nf1 Nd6 21. N1d2
Rhg8 22. a5 g5 23. e4 gxf4 24. e5 Nf5 25. exf6 Ne3 26. fxe7 Qxe7 27. Be5+ Ka8
28. Ne1 Nxg2 29. Ndf3 Nxe1+ 30. Kf1 Nxf3 31. Rxd8+ Qxd8 32. Kf2 Qh4+ 33. Kf1
Rg1# {White checkmated} 0-1

[Event "Team 45 45 League T43"]
[Site "Internet Chess Club"]
[Date "2009.11.15"]
[Round "3"]
[White "PJ"]
[Black "LuxAeterna"]
[Result "1-0"]
[WhiteElo "1761"]
[BlackElo "1799"]
[Opening "Caro-Kann: Panov-Botvinnik attack, 5...g6"]
[ECO "B14"]
[Time "14:00:35"]
[TimeControl "2700+45"]

1. e4 c6 2. d4 d5 3. exd5 cxd5 4. c4 Nf6 5. Nc3 g6 6. Qb3 e6 7. cxd5 Nxd5 8. Be3
Bg7 9. Nxd5 Qxd5 10. Qxd5 exd5 11. Rc1 Nc6 12. Bb5 Bd7 13. Ne2 Nb4 14. Bxd7+
Kxd7 15. Rc3 Nxa2 16. Rc5 Nb4 17. Rb5 Nd3+ 18. Kd2 Kc6 19. Rb3 Nxf2 20. Bxf2 b5
21. Rc1+ Kb6 22. Rc5 a6 23. Nc3 {Black resigns} 1-0

[Event "Team 45 45 League T43"]
[Site "Internet Chess Club"]
[Date "2009.11.16"]
[Round "3"]
[White "ElMarginal"]
[Black "Chess64655"]
[Result "1-0"]
[WhiteElo "1489"]
[BlackElo "1624"]
[Opening "Trompowsky attack (Ruth, Opocenský opening)"]
[ECO "A45"]
[Time "17:47:21"]
[TimeControl "2700+45"]

1. d4 Nf6 2. Bg5 e6 3. e4 Be7 4. Nc3 c6 5. Nf3 O-O 6. Bd3 d6 7. Qe2 b5 8. a3 a5
9. O-O Bb7 10. Rad1 Nh5 11. Qe3 Nd7 12. e5 Bxg5 13. Nxg5 g6 14. f4 Ng7 15. Qh3
h5 16. Nce4 dxe5 17. fxe5 c5 18. Bxb5 Bxe4 19. Nxe4 f5 20. Nd6 cxd4 21. Bxd7
Qxd7 22. Rxd4 Qa7 23. Rd1 Rad8 24. Kh1 Qc5 25. Qe3 Rd7 26. c3 Rfd8 27. b4 axb4
28. axb4 Qb6 29. Qh6 Rxd6 30. Rxd6 Rxd6 31. Rxd6 Qb5 32. h3 Qxe5 33. Qd2 Kh7 34.
c4 Qa1+ 35. Qd1 Qc3 36. c5 Qxb4 37. c6 Qb6 38. Qc2 Qe3 39. Qd2 Qb6 40. Qd4 Qb8
41. Rd7 Qf8 42. c7 {Black resigns} 1-0

[Event "Team 45 45 League T43"]
[Site "Internet Chess Club"]
[Date "2009.11.15"]
[Round "3"]
[White "Gregorio"]
[Black "Zebbile"]
[Result "1-0"]
[WhiteElo "2078"]
[BlackElo "1989"]
[Opening "English: Caro-Kann defensive system"]
[ECO "A11"]
[Time "11:07:18"]
[TimeControl "2700+45"]

1. c4 c6 2. Nf3 Nf6 3. g3 g6 4. b4 Bg7 5. Bb2 O-O 6. d3 a5 7. b5 cxb5 8. cxb5
Qb6 9. Na3 Ng4 10. d4 d5 11. Qb3 Rd8 12. e3 a4 13. Qc3 Bf5 14. Bd3 Rc8 15. Qd2
Be4 16. Bxe4 dxe4 17. Ng1 Nd7 18. Ne2 e5 19. h3 Nh6 20. O-O Qe6 21. Kg2 exd4 22.
Nxd4 Qd6 23. Rac1 Ne5 24. Nb3 Qf6 25. Bxe5 Qf3+ 26. Kh2 Bxe5 27. Rxc8+ Rxc8 28.
Nd4 Bxd4 29. Qxd4 Nf5 30. Qd1 Rc3 31. Nb1 Rc5 32. Qd8+ Kg7 33. g4 Rc2 34. Nd2
Qe2 35. Nxe4 Qxe3 36. Qf6+ Kg8 37. Qd8+ Kg7 38. Qf6+ Kh6 39. Qe5 Re2 40. g5+ Kh5
41. Nf6+ Kh4 42. Qd5 Qf4+ 43. Kh1 Ng3+ 44. fxg3+ Qxg3 45. Qc4+ Kxh3 46. Qxe2
{Black resigns} 1-0

[Event "Team 45 45 League T43"]
[Site "Internet Chess Club"]
[Date "2009.11.14"]
[Round "3"]
[White "Merciful"]
[Black "Phosphorus"]
[Result "1-0"]
[WhiteElo "1966"]
[BlackElo "1959"]
[Opening "King's pawn opening"]
[ECO "B07"]
[Time "09:19:41"]
[TimeControl "2700+45"]

1. e4 d6 2. Nf3 g6 3. d3 Bg7 4. g3 e5 5. Bg2 Ne7 6. O-O O-O 7. c3 Nbc6 8. Nbd2
h6 9. a4 Be6 10. b4 f5 11. a5 Qd7 12. b5 Nd8 13. c4 c6 14. Rb1 d5 15. Ba3 Rf7
16. Qe2 fxe4 17. dxe4 d4 18. Ne1 Rc8 19. Nd3 cxb5 20. Nc5 Rxc5 21. Bxc5 bxc4 22.
Nxc4 {Black disconnected and forfeits} 1-0

[Event "Team 45 45 League T43"]
[Site "Internet Chess Club"]
[Date "2009.11.16"]
[Round "3"]
[White "Matusalen"]
[Black "cityprosecutor"]
[Result "1-0"]
[WhiteElo "2037"]
[BlackElo "1694"]
[Opening "Sicilian"]
[ECO "B50"]
[Time "22:05:59"]
[TimeControl "2700+45"]

1. Nf3 d6 2. e4 c5 3. g3 g6 4. Bg2 Bg7 5. d3 Nf6 6. O-O Nc6 7. Nc3 O-O 8. h3 a6
9. a4 Rb8 10. Be3 b5 11. axb5 axb5 12. Qd2 Re8 13. Bh6 Bh8 14. Ng5 Nb4 15. f4 e6
16. Kh1 Nh5 17. Kh2 Qe7 18. Nd1 Nc6 19. Bf3 Nxg3 20. Kxg3 f6 21. c3 fxg5 22.
Bxg5 Bg7 23. Bxe7 {Black resigns} 1-0